[Event "Team 45 45 League T43"]
[Site "Internet Chess Club"]
[Date "2009.12.19"]
[Round "8"]
[White "crag"]
[Black "charles-allen"]
[Result "0-1"]
[WhiteElo "1880"]
[BlackElo "1874"]
[Opening "Scandinavian gambit"]
[ECO "B01"]
[Time "21:30:21"]
[TimeControl "2700+45"]

1. e4 d5 2. exd5 Nf6 3. c4 c6 4. dxc6 Nxc6 5. Nf3 e5 6. Be2 e4 7. Ng1 Bc5 8. d3
Qd4 9. Be3 Qxb2 10. Nd2 Bxe3 11. fxe3 exd3 12. Bxd3 Nb4 13. Rb1 Nxd3+ 14. Ke2
Qe5 15. Kxd3 Bf5+ 16. e4 Bxe4+ 17. Nxe4 O-O-O+ {White resigns} 0-1

[Event "Team 45 45 League T43"]
[Site "Internet Chess Club"]
[Date "2009.12.18"]
[Round "8"]
[White "toolate"]
[Black "chess2k7"]
[Result "0-1"]
[WhiteElo "1801"]
[BlackElo "1950"]
[Opening "Sicilian: Smith-Morra gambit"]
[ECO "B21"]
[Time "17:00:48"]
[TimeControl "2700+45"]

1. e4 c5 2. d4 cxd4 3. c3 dxc3 4. Nxc3 Nc6 5. Nf3 e6 6. Bf4 Bb4 7. Bd6 Nge7 8.
Bxb4 Nxb4 9. Qa4 Nbc6 10. Rd1 O-O 11. Bc4 a6 12. O-O Rb8 13. Qc2 b5 14. Bd3 Bb7
15. e5 Ng6 16. Rfe1 Nb4 17. Qd2 Bxf3 18. gxf3 Nxd3 19. Qxd3 Qg5+ 20. Kh1 Nxe5
21. Qe4 Nc4 22. f4 Qc5 23. Qg2 d5 24. Rg1 g6 25. Qg5 Qxf2 26. Rdf1 Qxb2 27. Rf3
Rbc8 28. Qh6 Rfe8 29. f5 exf5 30. Rh3 Qd2 31. Qxh7+ Kf8 32. Qh8+ Ke7 33. Qh4+
Kd7 34. Rd1 Qc2 35. Rxd5+ Kc6 36. Rhd3 Ne3 37. Rd6+ Kb7 38. Rd7+ Ka8 39. Qg3
Rxc3 40. Rd8+ Rc8 41. Qf3+ Re4 42. Rxc8+ Qxc8 43. Rxe3 Qc1+ {White resigns} 0-1

[Event "Team 45 45 League T43"]
[Site "Internet Chess Club"]
[Date "2009.12.28"]
[Round "8"]
[White "jps7"]
[Black "MidasMulligan"]
[Result "1-0"]
[WhiteElo "1758"]
[BlackElo "1692"]
[Opening "Dutch: Staunton gambit, Staunton's line"]
[ECO "A83"]
[Time "11:00:26"]
[TimeControl "2700+45"]

1. d4 f5 2. e4 fxe4 3. Nc3 Nf6 4. Bg5 Nc6 5. Bxf6 exf6 6. d5 Ne5 7. Nxe4 d6 8.
Nf3 Bg4 9. Be2 Bxf3 10. Bxf3 Qe7 11. O-O O-O-O 12. Re1 f5 13. Ng3 Qf7 14. Qd4
Nxf3+ 15. gxf3 Kb8 16. a4 h5 17. Qh4 Rd7 18. Nxf5 g5 19. Qe4 Rd8 20. Qe6 Qh7 21.
c4 g4 22. f4 h4 23. Qf6 Rc8 24. Re6 g3 25. h3 Rg8 26. f3 Qh5 27. Rf1 g2 28. Rf2
Rg3 29. Qxh4 Qxf5 30. Qxg3 Qb1+ 31. Kxg2 Qh7 32. Rfe2 Bh6 33. Re8 Bxf4 34. Qxf4
Qg6+ 35. Qg3 Qh7 36. Rxc8+ Kxc8 37. Qg4+ Kd8 38. Kg3 c6 39. Qh4+ Kc7 40. Qxh7+
{Black resigns} 1-0

[Event "Team 45 45 League T43"]
[Site "Internet Chess Club"]
[Date "2009.12.18"]
[Round "8"]
[White "Portola"]
[Black "tammany"]
[Result "0-1"]
[WhiteElo "1653"]
[BlackElo "1670"]
[Opening "Queen's Indian defense"]
[ECO "A47"]
[Time "17:00:19"]
[TimeControl "2700+45"]

1. d4 Nf6 2. Nf3 b6 3. Bg5 e6 4. e3 h6 5. Bh4 Bb7 6. Bd3 d5 7. Nbd2 Be7 8. c3
O-O 9. Qc2 Nbd7 10. O-O c5 11. a4 c4 12. Be2 a6 13. b3 b5 14. axb5 axb5 15. b4
Nb6 16. Bd1 Rxa1 17. Qb2 Qa8 18. Bc2 Rxf1+ 19. Kxf1 Na4 20. Qa1 Bc6 21. Ne5 Qb7
22. f3 Ra8 23. Qe1 Nxc3 24. Ndxc4 bxc4 25. Qxc3 Bxb4 26. Qb2 c3 27. Qb1 Be7 28.
Qd1 Ra2 29. Nd3 Bb5 30. Bxf6 Bxf6 31. Kf2 Bxd3 32. Qxd3 Rxc2+ 33. Qxc2 Qb2 34.
Qe2 c2 {White resigns} 0-1

[Event "Team 45 45 League T43"]
[Site "Internet Chess Club"]
[Date "2009.12.23"]
[Round "8"]
[White "chess9397"]
[Black "Ianjo"]
[Result "1/2-1/2"]
[WhiteElo "1842"]
[BlackElo "1944"]
[Opening "French: Fort Knox variation"]
[ECO "C03"]
[Time "13:00:14"]
[TimeControl "2700+45"]

1. e4 e6 2. d4 d5 3. Nd2 dxe4 4. Nxe4 Bd7 5. Nf3 Bc6 6. Bd3 Nd7 7. O-O Ngf6 8.
Bg5 Be7 9. Nxf6+ Bxf6 10. Bxf6 Qxf6 11. Be2 O-O 12. c3 Rad8 13. Re1 Rfe8 14. Qc2
e5 15. dxe5 Nxe5 16. Nd4 Bd5 17. Qf5 Qxf5 18. Nxf5 Ng6 19. Nd4 a6 20. Bf3 Bxf3
21. Nxf3 Kf8 22. Kf1 Rxe1+ 23. Rxe1 f6 24. Re4 Kf7 25. Rb4 b6 26. Rc4 Rd7 27. g3
a5 28. Ke2 Ke7 29. a4 Ne5 30. Nxe5 fxe5 31. b4 Kd6 {Game drawn by mutual
agreement} 1/2-1/2

[Event "Team 45 45 League T43"]
[Site "Internet Chess Club"]
[Date "2009.12.21"]
[Round "8"]
[White "jpoblano"]
[Black "cityprosecutor"]
[Result "0-1"]
[WhiteElo "1687"]
[BlackElo "1767"]
[Opening "Grünfeld with e3 & Bd3"]
[ECO "D94"]
[Time "22:10:25"]
[TimeControl "2700+45"]

1. d4 Nf6 2. c4 g6 3. Nc3 d5 4. e3 Bg7 5. Nf3 O-O 6. Bd3 dxc4 7. Bxc4 a6 8. O-O
c5 9. dxc5 Qc7 10. h3 Rd8 11. Qe1 Qxc5 12. Bb3 b5 13. e4 Bb7 14. a3 Nbd7 15. Rb1
Ne5 16. Nxe5 Qxe5 17. f3 e6 18. Be3 Rac8 19. f4 Qb8 20. e5 Ne4 21. Nxe4 Bxe4 22.
Rc1 Qb7 23. Rf2 h5 24. Rxc8 Rxc8 25. Bd1 Bf8 26. Bf3 Be7 27. Qe2 Bh4 28. Rf1 Rc2
29. Qd1 Bxf3 30. Rxf3 Rxb2 31. Qc1 Rb3 32. Qc2 Qd5 33. Qc1 Qe4 34. Kh2 Qc4 35.
Qxc4 bxc4 36. Bd2 Rxf3 37. gxf3 Be7 38. a4 Kf8 39. Kg2 Ke8 40. Kf2 Kd7 41. Ke3
Bc5+ 42. Ke2 Kc6 43. Kd1 Kd5 44. Kc2 Bd4 45. Kb1 c3 46. Bc1 Kc4 47. Kc2 Kb4 48.
h4 Kxa4 {White resigns} 0-1

[Event "Team 45 45 League T43"]
[Site "Internet Chess Club"]
[Date "2009.12.22"]
[Round "8"]
[White "chess9793"]
[Black "LuxAeterna"]
[Result "1-0"]
[WhiteElo "1899"]
[BlackElo "1793"]
[Opening "Caro-Kann: exchange variation"]
[ECO "B13"]
[Time "13:00:36"]
[TimeControl "2700+45"]

1. e4 c6 2. d4 d5 3. exd5 cxd5 4. Bd3 Nf6 5. c3 g6 6. Bf4 Bg7 7. Nf3 Nc6 8. Nbd2
Bd7 9. O-O Nh5 10. Be3 Bg4 11. h3 Bxf3 12. Nxf3 O-O 13. Re1 Rc8 14. Qd2 Re8 15.
Bh6 Qd6 16. Bxg7 Kxg7 17. Ne5 f6 18. Ng4 Qf4 19. Qd1 f5 20. Ne5 Rc7 21. Nxc6
bxc6 22. Re6 Kf7 23. Qe2 Qg5 24. Re5 Nf4 25. Qf3 Nxd3 26. Qxd3 e6 27. Rae1 c5
28. dxc5 Rc6 29. b4 Qd8 30. c4 dxc4 31. Qxc4 Qc8 32. a4 a6 33. b5 axb5 34. axb5
Rc7 35. c6 Ree7 36. Qc5 Kf6 37. R5e3 Re8 38. Rc3 e5 39. b6 Rce7 40. c7 Qb7 41.
Qc6+ Qxc6 42. Rxc6+ {Black resigns} 1-0

[Event "Team 45 45 League T43"]
[Site "Internet Chess Club"]
[Date "2009.12.20"]
[Round "8"]
[White "ElMarginal"]
[Black "ChessicalZ"]
[Result "0-1"]
[WhiteElo "1589"]
[BlackElo "1723"]
[Opening "Budapest defense"]
[ECO "A52"]
[Time "19:06:33"]
[TimeControl "2700+45"]

1. d4 Nf6 2. c4 e5 3. dxe5 Ng4 4. Qd4 d6 5. Nf3 Nc6 6. Qe4 Ngxe5 7. Nc3 Be6 8.
b3 Be7 9. Nxe5 dxe5 10. Bb2 Qd4 11. Rd1 Qxe4 12. Nxe4 O-O 13. a3 Rad8 14. Rxd8
Rxd8 15. e3 f6 16. Be2 Bf5 17. Ng3 Bd3 18. Bxd3 Rxd3 19. b4 a5 20. b5 Nb8 21.
Ke2 Rd8 22. a4 Bb4 23. Ne4 Kf7 24. Nc3 c6 25. Rd1 Rxd1 26. Kxd1 Nd7 27. Kc2 Ke6
28. f3 f5 29. Bc1 Nb6 30. Bd2 Nxc4 31. Bc1 Nb6 32. bxc6 bxc6 33. Kb3 Bxc3 34.
Kxc3 Nxa4+ 35. Kc4 Kd7 36. Bd2 Nb6+ 37. Kc5 Nd5 38. e4 fxe4 39. fxe4 Nf6 40.
Bxa5 Nxe4+ 41. Kc4 h5 42. Be1 Ke6 43. Kd3 Kd5 44. Bb4 Nd6 45. h3 c5 46. Be1 e4+
47. Ke2 c4 48. Bc3 g6 49. g4 Nb5 50. Ba1 c3 51. gxh5 gxh5 52. Ke3 h4 53. Bxc3
Nxc3 {White resigns} 0-1

[Event "Team 45 45 League T43"]
[Site "Internet Chess Club"]
[Date "2009.12.19"]
[Round "8"]
[White "SneakyRed"]
[Black "chess92192"]
[Result "0-1"]
[WhiteElo "1851"]
[BlackElo "2024"]
[Opening "French: advance, Euwe variation"]
[ECO "C02"]
[Time "10:01:49"]
[TimeControl "2700+45"]

1. e4 e6 2. d4 d5 3. e5 c5 4. c3 Nc6 5. Nf3 Bd7 6. a3 Nge7 7. dxc5 Ng6 8. b4 Be7
9. Be2 O-O 10. O-O Ncxe5 11. Nd4 Nc6 12. Be3 e5 13. Nb5 Be6 14. f4 Nxf4 15. Bxf4
exf4 16. Rxf4 a6 17. Nd4 Bg5 18. Nxe6 fxe6 19. Rxf8+ Qxf8 20. Nd2 Be3+ 21. Kh1
Ne5 22. Nf3 Ng4 23. Qa4 Nf2+ 24. Kg1 Ne4+ 25. Kh1 Nxc3 26. Qb3 Qf6 27. Bd3 Ne4
28. Rf1 Nf2+ 29. Kg1 Nxd3+ 30. Kh1 Nf2+ 31. Rxf2 Qa1+ {White resigns} 0-1

[Event "Team 45 45 League T43"]
[Site "Internet Chess Club"]
[Date "2009.12.26"]
[Round "8"]
[White "hewdondada"]
[Black "Karpyan"]
[Result "1/2-1/2"]
[WhiteElo "1802"]
[BlackElo "1829"]
[Opening "QGD semi-Slav"]
[ECO "D43"]
[Time "12:06:44"]
[TimeControl "2700+45"]

1. d4 d5 2. c4 c6 3. Nf3 e6 4. Nc3 Nf6 5. cxd5 exd5 6. Bg5 Be7 7. Qc2 Be6 8. e3
Nbd7 9. Bd3 h6 10. Bh4 O-O 11. O-O c5 12. Rac1 Rc8 13. Qb1 Nh5 14. Bxe7 Qxe7 15.
Bf5 Nhf6 16. Rfe1 Rfd8 17. dxc5 Nxc5 18. Nd4 Qd7 19. h3 Kf8 20. b4 Bxf5 21. Nxf5
Nce4 22. Nxe4 dxe4 23. Nd4 Qe7 {Game drawn by mutual agreement} 1/2-1/2

[Event "Team 45 45 League T43"]
[Site "Internet Chess Club"]
[Date "2009.12.19"]
[Round "8"]
[White "Duguesclin"]
[Black "mugurelt"]
[Result "0-1"]
[WhiteElo "1684"]
[BlackElo "1737"]
[Opening "Queen's pawn game"]
[ECO "E10"]
[Time "15:05:24"]
[TimeControl "2700+45"]

1. d4 Nf6 2. c4 e6 3. Nf3 c5 4. e3 Nc6 5. d5 exd5 6. cxd5 Ne7 7. Nc3 d6 8. Bc4
a6 9. a4 Ng6 10. O-O Be7 11. e4 O-O 12. h3 h6 13. Re1 Nh7 14. Qc2 Ng5 15. Nxg5
Bxg5 16. Be3 Ne5 17. Ba2 Qf6 18. Qe2 Bd7 19. Rf1 Bxe3 20. Qxe3 Rae8 21. f4 Ng6
22. Rae1 b5 23. axb5 axb5 24. Qg3 Qd4+ 25. Kh1 Kh7 26. Re2 b4 27. Rd1 Qf6 28. e5
dxe5 29. Ne4 Qa6 30. Red2 Qxa2 31. Nxc5 Qa7 32. Nd3 exf4 33. Nxf4 Nxf4 34. Qxf4
Ba4 35. Ra1 Qd7 36. Qxb4 Ra8 37. b3 Rfb8 38. Qe4+ f5 39. Qf3 Rxb3 40. Rd3 Rxd3
41. Qxd3 Bb5 42. Qb1 Rxa1 43. Qxa1 Qxd5 44. Qb1 Bc6 45. Qc2 Qxg2+ 46. Qxg2 Bxg2+
47. Kxg2 g5 48. Kf3 Kg6 49. Kg3 Kf6 50. Kf3 Ke5 51. Kg3 Ke4 52. Kg2 Ke3 53. Kg3
f4+ 54. Kg4 f3 55. Kh5 f2 56. Kxh6 f1=Q 57. Kxg5 Qxh3 {White resigns} 0-1

[Event "Team 45 45 League T43"]
[Site "Internet Chess Club"]
[Date "2009.12.22"]
[Round "8"]
[White "RD1974"]
[Black "bondguy01"]
[Result "1-0"]
[WhiteElo "1675"]
[BlackElo "1688"]
[Opening "French: King's Indian attack"]
[ECO "C00"]
[Time "18:30:19"]
[TimeControl "2700+45"]

1. e4 e6 2. d3 d5 3. Nd2 Nf6 4. Ngf3 Be7 5. g3 b5 6. Bg2 c5 7. O-O Nc6 8. Re1
Bb7 9. c3 b4 10. Qe2 bxc3 11. bxc3 Qa5 12. Nb3 Qc7 13. Bf4 e5 14. exd5 Nxd5 15.
Bxe5 Nxe5 16. Qxe5 Qxe5 17. Nxe5 O-O 18. c4 f6 19. Nd7 Rfd8 20. Ndxc5 Bxc5 21.
Nxc5 Nb6 22. Bxb7 Rab8 23. Re7 Nc8 24. Bxc8 Rbxc8 25. Ne6 Rxd3 26. Rxg7+ Kh8 27.
Rb1 Rd6 28. Re7 a5 29. Rbb7 Rxe6 30. Rxe6 Kg8 31. c5 f5 32. c6 f4 33. Ree7 f3
34. c7 Kf8 35. Rd7 Ke8 36. Rxh7 a4 37. Rb8 Rxb8 38. cxb8=Q# {Black checkmated}
1-0

[Event "Team 45 45 League T43"]
[Site "Internet Chess Club"]
[Date "2009.12.21"]
[Round "8"]
[White "jefferyx"]
[Black "Constrictor"]
[Result "1-0"]
[WhiteElo "2042"]
[BlackElo "1849"]
[Opening "Ruy Lopez: Cozio defense"]
[ECO "C60"]
[Time "20:00:35"]
[TimeControl "2700+45"]

1. e4 e5 2. Nf3 Nc6 3. Bb5 Nge7 4. O-O a6 5. Bc4 Ng6 6. d4 Be7 7. Nc3 O-O 8. Be3
Nxd4 9. Nxd4 exd4 10. Bxd4 Bf6 11. f4 Bxd4+ 12. Qxd4 d6 13. Nd5 Kh8 14. Rad1 b5
15. Be2 Bb7 16. f5 Ne5 17. f6 Bxd5 18. fxg7+ Kxg7 19. exd5 Qg5 20. Rd3 Kh8 21.
Rg3 Qe7 22. Bd3 Rg8 23. Rff3 Rg7 24. Rxg7 Kxg7 25. Rg3+ Kf8 26. Bxh7 Ng6 27.
Qh8+ Nxh8 28. Rg8# {Black checkmated} 1-0

[Event "Team 45 45 League T43"]
[Site "Internet Chess Club"]
[Date "2009.12.21"]
[Round "8"]
[White "ghostfire"]
[Black "pishd"]
[Result "1/2-1/2"]
[WhiteElo "1814"]
[BlackElo "1757"]
[Opening "French: Fort Knox variation"]
[ECO "C10"]
[Time "10:31:26"]
[TimeControl "2700+45"]

1. d4 e6 2. e4 d5 3. Nc3 dxe4 4. Nxe4 Bd7 5. Nf3 Bc6 6. Bd3 Nd7 7. O-O Ngf6 8.
Qe2 Nxe4 9. Bxe4 Bxe4 10. Qxe4 c6 11. Re1 Nf6 12. Qe2 Be7 13. Ng5 Qd7 14. c3 O-O
15. Ne4 Nxe4 {Game drawn by mutual agreement} 1/2-1/2

[Event "Team 45 45 League T43"]
[Site "Internet Chess Club"]
[Date "2009.12.19"]
[Round "8"]
[White "Quaq"]
[Black "Monsieur"]
[Result "0-1"]
[WhiteElo "1606"]
[BlackElo "1607"]
[Opening "English opening"]
[ECO "A20"]
[Time "20:00:10"]
[TimeControl "2700+45"]

1. c4 e5 2. g3 Nc6 3. Bg2 Bc5 4. a3 Nf6 5. e3 d5 6. b4 Bxb4 7. axb4 Nxb4 8. Qa4+
Nc6 9. Ne2 O-O 10. O-O Bd7 11. Qc2 d4 12. d3 Nb4 13. Qb3 c5 14. exd4 exd4 15.
Nxd4 Bh3 16. Bb2 Bxg2 17. Kxg2 a5 18. Nf5 Nh5 19. Rd1 Qg5 20. Ne3 Nf4+ 21. Kf1
Ne6 22. Nd2 Qg6 23. Ne4 b6 24. Nd5 Kh8 25. Ne7 Qh5 26. h4 Qg4 27. Be5 f6 28. Bd6
f5 29. Nc3 Qh3+ 30. Kg1 Nd4 31. f3 Nxb3 32. Ra2 f4 33. Ne4 fxg3 34. Bxg3 Rxf3
35. Be5 Qe6 36. Bxg7+ Kxg7 37. Rg2+ Kh8 {White resigns} 0-1

[Event "Team 45 45 League T43"]
[Site "Internet Chess Club"]
[Date "2009.12.23"]
[Round "8"]
[White "SlimeDog2"]
[Black "Campagnolo"]
[Result "1-0"]
[WhiteElo "2197"]
[BlackElo "2092"]
[Opening "QGD Slav: 3.Nf3"]
[ECO "D11"]
[Time "21:03:13"]
[TimeControl "2700+45"]

1. d4 d5 2. c4 c6 3. Nf3 Nf6 4. Qc2 dxc4 5. Qxc4 Bg4 6. Nc3 Nbd7 7. Ne5 Be6 8.
Qb4 Qb6 9. Qxb6 axb6 10. e4 Nxe5 11. dxe5 Nd7 12. f4 b5 13. a3 b4 14. Ne2 Bc4
15. e6 Bxe6 16. Nd4 Nc5 17. Nxe6 Nxe6 18. Bc4 Nc5 19. e5 e6 20. Ke2 Be7 21. Be3
bxa3 22. b4 Na4 23. Rxa3 b5 24. Bd3 Bxb4 25. Rb3 Nc3+ 26. Kf3 Nd5 27. Rc1 Kd7
28. Be4 Be7 29. f5 Ra3 30. Rxa3 Bxa3 31. Ra1 b4 32. Bc5 Rb8 33. Bd6 Rb7 34. g4
Nc3 35. Bd3 Nb5 36. Bc5 Nc3 37. Bd6 Nb5 38. Bc5 Nc3 39. h4 Na4 40. Bd6 Nb2 41.
Bf1 Na4 42. Rd1 Nc3 43. Ra1 Nd5 44. Bd3 Bb2 45. Ra8 Rb6 46. Rf8 b3 47. Rxf7+ Ke8
48. fxe6 Ne7 49. Rxe7+ Kd8 50. Rd7+ Kc8 51. Rc7+ Kd8 52. e7+ Ke8 53. Bxh7 Kf7
54. Bg8+ {Black resigns} 1-0

[Event "Team 45 45 League T43"]
[Site "Internet Chess Club"]
[Date "2009.12.21"]
[Round "8"]
[White "nosalt"]
[Black "Chessduke"]
[Result "1/2-1/2"]
[WhiteElo "2058"]
[BlackElo "2151"]
[Opening "Scandinavian (center counter) defense"]
[ECO "B01"]
[Time "12:06:10"]
[TimeControl "2700+45"]

1. e4 d5 2. exd5 Qxd5 3. Nc3 Qa5 4. d4 c6 5. Nf3 Nf6 6. h3 Bf5 7. Bd2 Qc7 8. Bc4
e6 9. Bb3 Bd6 10. Qe2 Nbd7 11. O-O-O O-O-O 12. Nh4 Bg6 13. Nxg6 hxg6 14. Bg5
Rde8 15. Kb1 Rhf8 16. Rhe1 Bb4 17. Bd2 Nb6 18. Nb5 Qe7 19. Bxb4 Qxb4 20. Na3
Nbd5 21. Qf3 a5 22. c3 Qb6 23. Nc4 Qc7 24. Ne5 Nd7 25. Nxd7 Qxd7 26. c4 Nb6 27.
Qc3 a4 28. Bc2 Qc7 29. Qb4 Rd8 30. Bxa4 Nxa4 31. Qxa4 Qf4 32. d5 cxd5 33. Qa8+
Qb8 34. Qxb8+ Kxb8 35. cxd5 Rxd5 36. Rxd5 exd5 37. Re7 Ka7 38. Kc2 Kb6 39. Kd3
Kc6 40. Kd4 b6 41. a3 Kd6 42. Re5 Kc6 43. a4 Rh8 44. b3 Rh4+ 45. Kd3 Rf4 46. f3
Rf6 47. Re8 Kc5 48. Kc3 d4+ 49. Kd3 Re6 50. Rc8+ Kb4 51. Rb8 Kc5 52. Rc8+ Kb4
53. Rc4+ Kxb3 54. Rxd4 Re1 55. Kd2 Rg1 56. g4 Rg3 57. Ke3 Rxh3 58. Rd6 Kxa4 59.
Rxb6 Ka5 60. Rb7 f5 61. gxf5 gxf5 62. Rxg7 Kb6 63. Rd7 Kc6 64. Rd8 Rh4 65. Rf8
Kd5 66. Rxf5+ Ke6 67. Ra5 Rb4 68. f4 Rb3+ 69. Ke4 Rb4+ 70. Kf3 Rb1 71. Kg4 Rg1+
72. Kh5 Kf6 73. Kh4 Rg2 74. Kh3 Rg1 {Game drawn by mutual agreement} 1/2-1/2

[Event "Team 45 45 League T43"]
[Site "Internet Chess Club"]
[Date "2009.12.22"]
[Round "8"]
[White "crag"]
[Black "ivanson"]
[Result "0-1"]
[WhiteElo "1861"]
[BlackElo "1842"]
[Opening "Scotch: Schmidt variation"]
[ECO "C45"]
[Time "21:10:40"]
[TimeControl "2700+45"]

1. e4 e5 2. Nf3 Nc6 3. d4 exd4 4. Nxd4 Nf6 5. Nxc6 bxc6 6. Nc3 d5 7. exd5 cxd5
8. Bb5+ Bd7 9. Bxd7+ Qxd7 10. O-O Be7 11. Bg5 c6 12. Qf3 O-O 13. Rad1 Rfe8 14.
Ne2 h6 15. Bh4 Ne4 16. Bg3 Bf6 17. b3 Qe7 18. Qd3 Nc5 19. Qe3 Qxe3 20. fxe3 Rxe3
21. Nc1 Rc3 22. Bf4 Ne4 23. Rde1 Bd4+ 24. Kh1 Rxc2 25. Rd1 Nf2+ 26. Rxf2 Bxf2
27. h3 Re8 28. Nd3 Bb6 29. Nb4 Rf2 30. Bg3 Rf6 31. Kh2 a5 32. Nd3 Re2 33. Nc1
Rc2 34. Bh4 Bc7+ 35. Kh1 g5 36. Be1 Rf1# {White checkmated} 0-1

[Event "Team 45 45 League T43"]
[Site "Internet Chess Club"]
[Date "2009.12.21"]
[Round "8"]
[White "Budzo"]
[Black "chess2k7"]
[Result "0-1"]
[WhiteElo "1823"]
[BlackElo "1961"]
[Opening "Grünfeld: 5.e3"]
[ECO "D94"]
[Time "12:00:39"]
[TimeControl "2700+45"]

1. Nf3 Nf6 2. d4 g6 3. c4 d5 4. e3 Bg7 5. Nc3 O-O 6. cxd5 Nxd5 7. Bc4 Nb6 8. Bb3
c5 9. O-O c4 10. Bc2 Nc6 11. b3 Bg4 12. bxc4 Nxc4 13. Be4 Qa5 14. Qb3 Nd6 15.
Bxc6 bxc6 16. Nd2 Rab8 17. Qc2 Bf5 18. Nb3 Bxc2 19. Nxa5 Rfc8 20. Ba3 Nb5 21.
Nxb5 Rxb5 22. Nc4 Bd3 23. Rfc1 c5 24. Ne5 Bxe5 25. dxe5 Kf8 26. Rc3 c4 27. Rac1
Rcb8 28. f4 Ra5 29. Kf2 Rb6 30. Rxd3 cxd3 31. Rc8+ Kg7 32. Bxe7 Rxa2+ 33. Kg3 h5
34. Bf6+ Rxf6 35. exf6+ Kxf6 36. Rd8 d2 37. Kf3 a5 38. Ke2 d1=Q+ 39. Kxd1 Rxg2
40. Rd5 a4 41. Ra5 Rxh2 42. Rxa4 h4 43. Ke1 h3 44. e4 Rb2 45. Ra3 h2 46. Rh3
h1=Q+ {White resigns} 0-1

[Event "Team 45 45 League T43"]
[Site "Internet Chess Club"]
[Date "2009.12.17"]
[Round "8"]
[White "Phosphorus"]
[Black "BigW"]
[Result "0-1"]
[WhiteElo "1968"]
[BlackElo "1998"]
[Opening "English: Caro-Kann defensive system"]
[ECO "A11"]
[Time "05:06:37"]
[TimeControl "2700+45"]

1. c4 c6 2. Nf3 Nf6 3. Qc2 d5 4. e3 e6 5. b3 Nbd7 6. Bb2 Bd6 7. g4 Ne4 8. Rg1 e5
9. d3 Bb4+ 10. Ke2 Ng5 11. Nxe5 Nxe5 12. Bxe5 O-O 13. Nd2 Re8 14. Bg3 Bxd2 15.
Qxd2 Bxg4+ {White resigns} 0-1

[Event "Team 45 45 League T43"]
[Site "Internet Chess Club"]
[Date "2009.12.18"]
[Round "8"]
[White "Holzschlange"]
[Black "Matusalen"]
[Result "0-1"]
[WhiteElo "1882"]
[BlackElo "2000"]
[Opening "Caro-Kann: advance variation"]
[ECO "B12"]
[Time "10:51:34"]
[TimeControl "2700+45"]

1. e4 c6 2. d4 d5 3. e5 c5 4. dxc5 Nc6 5. Bb5 e6 6. Be3 Nh6 7. c3 Nf5 8. Bd4 Bd7
9. Bxc6 Bxc6 10. Nf3 Nxd4 11. cxd4 b6 12. b4 a5 13. bxa5 bxc5 14. O-O c4 15. Nc3
Qxa5 16. Qc2 Bb4 17. Rfc1 O-O 18. Ng5 g6 19. h4 Bxc3 20. Qxc3 Qxc3 21. Rxc3 h6
22. Nf3 Rfb8 23. Ne1 Ba4 24. g3 Rb2 25. Ra3 Kg7 26. Kg2 Rd2 27. Nf3 Rd3 28. Rxd3
cxd3 29. Kf1 Rc8 30. Ke1 Rc2 31. Nd2 f6 32. f4 fxe5 33. dxe5 h5 34. Rb1 Rxa2 35.
Rb7+ Kf8 36. Nf3 Rg2 37. Ra7 Bb3 38. Rb7 Bc2 39. Rc7 Re2+ 40. Kf1 d2 {White
resigns} 0-1

[Event "Team 45 45 League T43"]
[Site "Internet Chess Club"]
[Date "2009.12.19"]
[Round "8"]
[White "MisticKnights"]
[Black "monsterpawn"]
[Result "0-1"]
[WhiteElo "1943"]
[BlackElo "1835"]
[Opening "QGD semi-Slav"]
[ECO "D43"]
[Time "15:01:25"]
[TimeControl "2700+45"]

1. c4 e6 2. Nc3 d5 3. d4 Nf6 4. Nf3 c6 5. Bg5 Be7 6. e3 Nbd7 7. Bd3 dxc4 8. Bxc4
b5 9. Bd3 Bb7 10. O-O O-O 11. Rc1 a6 12. Ne4 Nxe4 13. Bxe7 Qxe7 14. Bxe4 Rac8
15. Ne5 Nxe5 16. dxe5 c5 17. Qf3 Bxe4 18. Qxe4 Rfd8 19. Rfd1 c4 20. Rxd8+ Rxd8
21. b3 c3 22. b4 a5 23. a3 axb4 24. axb4 Qc7 25. f4 g6 26. Qc2 Rd2 27. Qxc3 Rd1+
28. Kf2 Rxc1 29. Qd4 Rc4 30. Qd6 Qxd6 31. exd6 Kf8 32. Kf3 Rc6 33. Ke4 Rxd6 34.
Ke5 Ke7 35. g4 f5 36. e4 fxg4 37. h4 gxh3 38. f5 gxf5 39. exf5 exf5 {White
resigns} 0-1

[Event "Team 45 45 League T43"]
[Site "Internet Chess Club"]
[Date "2009.12.19"]
[Round "8"]
[White "SuperJEM"]
[Black "sandham"]
[Result "1/2-1/2"]
[WhiteElo "2152"]
[BlackElo "2047"]
[Opening "English: symmetrical variation"]
[ECO "A30"]
[Time "06:27:04"]
[TimeControl "2700+45"]

1. c4 c5 2. g3 Nc6 3. Bg2 Nf6 4. Nc3 e6 5. Nf3 b6 6. d4 cxd4 7. Nxd4 Bb7 8. O-O
Be7 9. b3 O-O 10. Bb2 a6 11. e3 Qc7 12. Rc1 Nxd4 13. Qxd4 Bxg2 14. Kxg2 Rfd8 15.
Rfd1 b5 16. Ne4 Qb7 17. f3 bxc4 18. Qxc4 d5 19. Nxf6+ Bxf6 20. Qe2 Bxb2 21. Qxb2
Rac8 22. Rxc8 Rxc8 23. Rc1 Rc6 24. a4 f6 25. Rc3 Qc7 26. Rxc6 Qxc6 27. Qd2 e5
28. h4 Kf7 29. Qd3 g6 30. b4 Qxa4 31. Qxd5+ Ke7 32. Qb7+ Qd7 33. Qxa6 Qd2+ 34.
Kh3 Qxb4 35. Qa7+ Ke6 36. Qxh7 Qb1 37. Qg8+ Ke7 38. Qd5 Qc1 39. e4 Qc8+ 40. g4
Qc1 41. Qb7+ Ke6 42. Qb6+ Kf7 43. Qa7+ Ke6 44. Qa2+ Ke7 45. Qf2 Ke6 46. h5 Qh1+
47. Kg3 gxh5 48. Qb6+ Kf7 49. gxh5 Qxh5 50. Qc7+ Kg6 51. Qd8 Qg5+ 52. Kf2 Qh4+
53. Ke2 Qh2+ 54. Kd3 Qf4 55. Qg8+ Kh6 56. Qh8+ Kg6 57. Qh3 Qc1 58. Qg2+ Qg5 59.
Qa2 Qf4 60. Qg8+ Kh6 61. Qh8+ Kg6 62. Qh3 Qc1 63. Qf5+ Kg7 64. Qg4+ Kf7 65. Qd7+
Kg6 66. Qe8+ Kh6 67. Qh8+ Kg6 68. Qg8+ Kh6 69. Qg4 Qg5 70. Qh3+ Qh5 71. Qg2 Qg5
72. Qh2+ Kg6 73. Qh8 Qf4 74. Ke2 Qg5 75. Kd3 Qf4 76. Ke2 Qg5 77. Qh2 Kg7 78. Kd3
Qc1 79. Qg2+ Kh6 80. Qh3+ Kg6 81. Qg4+ Qg5 82. Qc8 Qf4 83. Qh3 Qc1 {Game drawn
by repetition} 1/2-1/2

[Event "Team 45 45 League T43"]
[Site "Internet Chess Club"]
[Date "2009.12.25"]
[Round "8"]
[White "Zumbi"]
[Black "SuperPeon"]
[Result "1-0"]
[WhiteElo "2052"]
[BlackElo "2079"]
[Opening "Pirc defense"]
[ECO "B07"]
[Time "19:30:15"]
[TimeControl "2700+45"]

1. e4 d6 2. d4 Nf6 3. Nc3 g6 4. Be3 Bg7 5. Qd2 c6 6. f3 b5 7. g4 b4 8. Nce2 a5
9. Ng3 Qb6 10. N1e2 Ba6 11. Nf4 Bxf1 12. Kxf1 Na6 13. g5 Nd7 14. Kg2 c5 15. Nd5
Qc6 16. c3 bxc3 17. bxc3 e6 18. Nf4 O-O 19. h4 Nb6 20. Rhc1 Nc4 21. Qe2 Qa4 22.
Bf2 Rab8 23. Rab1 Rb5 24. Rxb5 Qxb5 25. Rc2 Rc8 26. d5 Be5 27. Nd3 Bxg3 28. Kxg3
e5 29. Nb2 Na3 30. Qxb5 Nxb5 31. Nc4 a4 32. Rb2 Nac7 33. Nb6 a3 34. Rxb5 Nxb5
35. Nxc8 Nxc3 36. Nxd6 Nxa2 37. Bxc5 Nb4 38. Bxb4 a2 39. Bc3 {Black resigns} 1-0

[Event "Team 45 45 League T43"]
[Site "Internet Chess Club"]
[Date "2009.12.19"]
[Round "8"]
[White "Darkwizard1"]
[Black "Ptzz"]
[Result "1/2-1/2"]
[WhiteElo "1869"]
[BlackElo "2024"]
[Opening "Sicilian: closed"]
[ECO "B23"]
[Time "14:00:09"]
[TimeControl "2700+45"]

1. e4 c5 2. Nc3 g6 3. f4 Bg7 4. Nf3 Nc6 5. Bb5 Nd4 6. O-O e6 7. Bd3 Ne7 8. Kh1
d5 9. b3 O-O 10. Bb2 a6 11. a4 b6 12. Ne2 Nxf3 13. Bxg7 Kxg7 14. Rxf3 Bb7 15.
Ng3 dxe4 16. Bxe4 Bxe4 17. Nxe4 Qd4 18. d3 Rad8 19. c3 Qd5 20. Qc2 Nf5 21. Rd1
b5 22. axb5 axb5 23. Re1 c4 24. bxc4 bxc4 25. d4 Ra8 26. Qf2 Ra3 27. g4 Nd6 28.
Nxd6 Qxd6 29. f5 exf5 30. gxf5 Rfa8 31. fxg6 fxg6 32. Rf7+ Kg8 33. Rfe7 Qd5+ 34.
Kg1 Qg5+ 35. Kf1 Rf8 36. Re8 Qf5 37. Qxf5 gxf5 38. R8e3 Kg7 39. d5 Ra2 40. d6
Rd2 41. Re7+ Rf7 42. Rxf7+ Kxf7 43. Re7+ Kf6 44. Rxh7 Kg6 45. Rc7 Rxd6 46. Rxc4
Rd2 47. h4 Kh5 48. Rf4 Rc2 49. c4 Kg6 50. Ke1 Kf6 51. Kd1 Rh2 52. c5 Ke5 53. c6
Kd6 54. Rc4 Kc7 55. Ke1 f4 56. Rxf4 Kxc6 57. Kf1 Kd5 58. Kg1 Ke5 59. Rg4 Ra2 60.
h5 Kf5 61. Rg7 Kf6 62. h6 Ra5 63. Rb7 Rh5 64. Rb6+ Kf7 65. Kg2 Kg8 66. Kf3 Kh7
67. Kg4 Rxh6 68. Rb7+ Kg8 69. Kg5 Ra6 70. Rb8+ {Game drawn by mutual agreement}
1/2-1/2